3v3 Montherme unexpected win

Match 20775530
End
Panzergrenadier Squad
Panzergrenadier Squad
Panzergrenadier Squad
Construct Light Support Kompanie
Fire Support Elements
le.IG 18 Support Gun Team
Construct Mechanized Kompanie
2.5-tonne Medical Truck
Marder III Tank Destroyer
Pak 38 Anti-tank Gun Team
Panzergrenadier Squad
Selects Armored Support Battlegroup
Panzerpioneer Squad
Panzerjäger Squad
Construct Panzerarmee Kommand
Panzer III L Medium Tank
Selects Superior Fire Drills
Selects Flammpanzer III Medium Tank Sd.Kfz. 141
Selects Command Panzer IV F Medium Tank
Panzer III L Medium Tank
Panzer III L Medium Tank
2.5-tonne Medical Truck
Panzer III L Medium Tank
MG34 Team
Flak 36 Anti-tank Gun Team
Panzerpioneer Squad
Panzergrenadier Squad
AI Takeover
Generalfeldmarschall Rangel
Progress
teyin
geeroc
nowplus
fax123
0
0

Comments sign in to comment!

No comments posted yet!